 Dungeon Crawl Stone Soup version 0.22-a0-605-g9281fa2 (webtiles) character file.

499 Umoon the Slasher (level 7, 0/44 HPs)
             Began as a Tengu Monk on July 8, 2018.
             Slain by Crazy Yiuf
             ... wielding a +2 quarterstaff of chaos
              (2 damage)
             ... on level 3 of the Dungeon.
             The game lasted 00:08:58 (3413 turns).

Umoon the Slasher (Tengu Monk)                      Turns: 3413, Time: 00:08:59

Health: 0/44       AC: 12    Str: 13    XL:     7   Next: 16%
Magic:  2/8        EV:  2    Int: 11    God:
Gold:   151        SH:  0    Dex: 16    Spells: 6/6 levels left

rFire    . . .     SeeInvis .   a - +0 falchion
rCold    . . .     Gourm    .   (no shield)
rNeg     + + +     Faith    .   r - +2 scale mail {rPois}
rPois    ∞         Spirit   .   (helmet restricted)
rElec    .         Reflect  .   (no cloak)
rCorr    .         Harm     +   q - +2 pair of gloves
MR       .....                  (boots unavailable)
Stlth    +.........             e - amulet of harm
HPRegen  0.14/turn              (no ring)
MPRegen  0.11/turn              (no ring)

@: petrified, flying quickly and evasively, very slightly contaminated, hasted,
drained, invisible (expiring), quick
A: beak, talons 3, able to fly 1
a: no special abilities


You were on level 3 of the Dungeon.
You were not hungry.

You visited 1 branch of the dungeon, and saw 5 of its levels.

You collected 151 gold pieces.

Inventory:

Hand Weapons
 a - a +0 falchion (weapon)
Armour
 b - a +0 robe
 n - a +0 plate armour
 q - a +2 pair of gloves (worn)
 r - a +2 scale mail of poison resistance (worn)
Jewellery
 e - an amulet of harm (around neck)
Wands
 p - a wand of enslavement (5)
Scrolls
 d - a scroll of identify
 g - a scroll of immolation
 m - a scroll of enchant weapon {unknown}
 s - a scroll of fear {unknown}
 t - a scroll of random uselessness {unknown}
 u - a scroll of amnesia {unknown}
Potions
 f - a potion of might {unknown}
 h - a potion of flight {unknown}
 i - a potion of magic {unknown}
 k - a potion of haste {unknown}
 l - a potion of ambrosia {unknown}
 o - a potion of curing {unknown}
Comestibles
 c - 3 rations
 j - 5 chunks of flesh


   Skills:
 + Level 4.4(3.9) Fighting
 + Level 4.8(4.3) Long Blades
 * Level 4.8(4.3) Armour
 + Level 4.8(4.2) Dodging
 - Level 2.0(1.5) Stealth


You had 6 spell levels left.
You didn't know any spells.
Your spell library was empty.

Dungeon Overview and Level Annotations

Branches:
Dungeon (5/15)
 Temple: D:4-7

Altars:
Dithmenos
Nemelex Xobeh

Shops:
D:4 [

Annotations:
D:3 Crazy Yiuf


Innate Abilities, Weirdness & Mutations

You have a beak for a mouth.
You have claws for feet.
You can fly.


Message History

Crazy Yiuf hits you with a quarterstaff of chaos.
* * * LOW HITPOINT WARNING * * *
You are slowing down.
You hit Crazy Yiuf but do no damage.
Crazy Yiuf is severely wounded.
Crazy Yiuf barely misses you.
Your limbs are stiffening.
You barely miss Crazy Yiuf.
Crazy Yiuf is severely wounded.
Crazy Yiuf hits you but does no damage.
You feel yourself speed up.
You have turned to stone.
Crazy Yiuf hits you with a quarterstaff of chaos.
* * * LOW HITPOINT WARNING * * *
Crazy Yiuf freezes you.
* * * LOW HITPOINT WARNING * * *
Crazy Yiuf hits you but does no damage. x3
You flicker for a moment.
Crazy Yiuf hits you but does no damage.
Crazy Yiuf says, "Ghoul tired blue!"
Crazy Yiuf hits you with a quarterstaff of chaos.
You die...

##..##
#.#.......
#....#
#.##.#..##
#....#
###.####..##
#...##
#.........##
##.##
###[#.##.###
#.##
###.#.##....
##.#
#.....####..
#.## ###...#
#.. ##@#
###...# #..
#g# #.....#
#.. ...
##.#..# #..
#...# #.....#
### #..)#
#....#####..
#####
##.####.....
#....##.##.#
##....##.##.#
#........##.#


You could see Crazy Yiuf.

Vanquished Creatures
  A sky beast (D:5)
  A scorpion (D:4)
  2 howler monkeys (D:5)
  A crimson imp (D:5)
  Jessica (D:2)
  Natasha (twice) (D:3)
  Robin (D:2)
  A gnoll (D:1)
  6 adders
  An ooze (D:3)
  A dart slug (D:2)
  3 leopard geckos
  2 orcs (D:3)
  A ball python (D:1)
  7 bats
  A giant cockroach (D:2)
  13 goblins
  10 hobgoblins
  8 jackals
  3 quokkas (D:2)
  6 frilled lizards
  8 kobolds
  4 rats
84 creatures vanquished.

Notes
Turn   | Place    | Note
-------+----------+-------------------------------------------
     0 | D:1      | Umoon the Tengu Monk began the quest for the Orb.
     0 | D:1      | Reached XP level 1. HP: 14/14 MP: 2/2
    31 | D:1      | Reached XP level 2. HP: 5/19 MP: 3/3
   317 | D:1      | Reached skill level 1 in Armour
   542 | D:1      | Reached XP level 3. HP: 21/23 MP: 4/4
   846 | D:1      | Found a sparkling altar of Nemelex Xobeh.
  1295 | D:2      | Noticed Jessica
  1316 | D:2      | Reached XP level 4. HP: 16/28 MP: 5/5
  1762 | D:2      | Killed Jessica
  1953 | D:2      | Noticed Robin
  2002 | D:2      | Killed Robin
  2002 | D:2      | Gained mutation: You can fly. [Tengu growth]
  2002 | D:2      | Reached XP level 5. HP: 23/32 MP: 6/6
  2324 | D:3      | Noticed Natasha
  2343 | D:3      | Killed Natasha
  2556 | D:3      | You fall through a shaft for 2 floors!
  2556 | D:5      | Entered Level 5 of the Dungeon
  2568 | D:5      | Reached XP level 6. HP: 38/38 MP: 7/7
  2580 | D:5      | Noticed a sky beast
  2617 | D:5      | Killed a sky beast
  2963 | D:4      | Found Vuxe's Armour Shoppe.
  3074 | D:4      | Reached XP level 7. HP: 37/44 MP: 8/8
  3280 | D:3      | Noticed Natasha
  3289 | D:3      | Killed Natasha
  3317 | D:3      | Found a shadowy altar of Dithmenos.
  3384 | D:3      | Found a runed door.
  3388 | D:3      | Noticed Crazy Yiuf
  3408 | D:3      | HP: 2/44 [Crazy Yiuf/quarterstaff of chaos (1)]
  3413 | D:3      | Slain by Crazy Yiuf

Vault maps used:
D:1:      arrival_zaba_pyramid, nemelex_xobeh_ov_fountains_minmay
D:2:      uniq_robin, uniq_jessica
D:3:      grunt_dithmenos_smoke, uniq_crazy_yiuf_cottage, uniq_natasha
D:4:      minmay_temple_entry_statues, serial_shops, shop
D:5:      first_ration

Skill      XL: |  1  2  3  4  5  6 |
---------------+-------------------+-----
Armour         | 1 2 3 4 |  4.8
Long Blades    | 4 |  4.8
Dodging        | 4 |  4.8
Fighting       | 4 |  4.4
Stealth        | |  2.0

Action                   |  1- 3 |  4- 6 |  7- 9 || total
-------------------------+-------+-------+-------++-------
Melee: Falchion          |    62 |   139 |    32 ||   233
       Kick              |    20 |    34 |     3 ||    57
       Peck              |     7 |    23 |     4 ||    34
 Abil: Fly               |       |       |     1 ||     1
  Use: Scroll            |       |     3 |       ||     3
 Stab: Sleeping          |     3 |       |       ||     3
       Distracted        |     1 |       |       ||     1
  Eat: Chunk             |     1 |     6 |     1 ||     8
Armor: Robe              |    15 |       |       ||    15
       Plate armour      |       |    92 |       ||    92
       Scale mail        |       |    21 |    15 ||    36
Dodge: Dodged            |    46 |    49 |    17 ||   112
       Rpst.: Falchion   |    12 |    15 |     3 ||    30

Table legend:
 A = Spawn XP
 B = Non-spawn XP
 C = Spawn XP percentage of total XP
 D = Spawn monster count
 E = Non-spawn monster count
 F = Spawn count percentage of total count
 G = Total turns spent on level
                    A         B        C        D         E        F      G
               +---------+---------+-------+---------+---------+-------+---------
         Total |       0 |     714 |   0.0 |       0 |      84 |   0.0 |  3413
               +---------+---------+-------+---------+---------+-------+---------
           D:1 |       0 |      57 |   0.0 |       0 |      26 |   0.0 |  1002
           D:2 |       0 |     126 |   0.0 |       0 |      29 |   0.0 |  1145
           D:3 |       0 |     154 |   0.0 |       0 |      20 |   0.0 |   666
           D:4 |       0 |      74 |   0.0 |       0 |       4 |   0.0 |   238
           D:5 |       0 |     303 |   0.0 |       0 |       5 |   0.0 |   362
               +---------+---------+-------+---------+---------+-------+---------
